RES
RANDWICK GREEN SOX @ BLACKTOWN PUMAS
06/15/2022
 
TOP OF THE 1ST
Randwick Green Sox batting - Pitching for Blacktown Pumas : RHP Chris Israel
Pitching: RHP Chris Israel
Batting: LHB Rodger Curnow 0-0: Fly out, F7 (Flyball, 78S, EV 85.6 MPH)
Batting: RHB Art Alderson 0-0: Foul Ball, location: 5SF
0-1: Ball
1-1: Fly out, F4 (Line Drive, 4M, EV 71.9 MPH)
Batting: RHB Tony Green 0-0: Foul Ball, location: 2F
0-1: Ball
1-1: Foul Ball, location: 2LF
1-2: Foul Ball, location: 2F
1-2: Foul Ball, location: 9LDF
1-2: Strikes out looking
Top of the 1st over - 0 runs, 0 hits, 0 errors, 0 left on base; Randwick 0 - Blacktown 0
BOTTOM OF THE 1ST
Blacktown Pumas batting - Pitching for Randwick Green Sox : RHP David Forrest
Pitching: RHP David Forrest
Batting: LHB Elvin Nottage 0-0: Ball
1-0: Ball
2-0: Called Strike
2-1: Ball
3-1: Base on Balls
Batting: RHB Kyler Parkins 0-0: Ball
1-0: Ball
2-0: Bunted foul
2-1: Bunted foul
2-2: Fly out, F8 (Flyball, 8LM, EV 94.4 MPH)
Batting: LHB Mal Sellick 0-0: Called Strike
0-1: Foul Ball, location: 5F
0-2: Foul Ball, location: 25F
0-2: Ball
1-2: Foul Ball, location: 7LMF
1-2: Ball
2-2: Fly out, F5 (Popup, 56, EV 58.1 MPH)
Batting: RHB Freddy Sherman 0-0: Ball
Elvin Nottage steals 2nd base
1-0: Foul Ball, location: 2LF
1-1: Ball
2-1: Ball
3-1: Base on Balls
Batting: LHB Sinbad Rabjohns 0-0: Ball
1-0: Ball
2-0: Ball
3-0: Base on Balls
Elvin Nottage to third
Freddy Sherman to second
Batting: RHB Davey Anderton 0-0: Ball
1-0: Fly out, F8 (Flyball, 8RM, EV 91.9 MPH)
Bottom of the 1st over - 0 runs, 0 hits, 0 errors, 3 left on base; Randwick 0 - Blacktown 0
TOP OF THE 2ND
Randwick Green Sox batting - Pitching for Blacktown Pumas : RHP Chris Israel
Batting: RHB Bob Ghey 0-0: Called Strike
0-1: Ball
1-1: Called Strike
1-2: Strikes out swinging
Batting: RHB Derik Fahey 0-0: Swinging Strike
0-1: Swinging Strike
0-2: Ball
1-2: Ball
2-2: SINGLE (Line Drive, 8RS, EV 95.0 MPH)
Batting: LHB Tony Tassell 0-0: Swinging Strike
0-1: Foul Ball, location: 2F
0-2: Foul Ball, location: 7LMF
0-2: Foul Ball, location: 2F
0-2: Ball
1-2: DOUBLE (Line Drive, 8LXD, EV 108.1 MPH)
Derik Fahey to third
Runner from 3rd tries for Home, SAFE, throw by CF to home
Batting: RHB Pete Sherrell 0-0: Called Strike
0-1: Fly out, F8 (Flyball, 8LM, EV 100.0 MPH)
Batting: LHB Colin Firman 0-0: Foul Ball, location: 2F
0-1: Ball
1-1: Ball
Wild Pitch!
Tony Tassell to third
2-1: Ball
3-1: Base on Balls
Batting: RHB Keefe Lucking 0-0: Ball
1-0: Called Strike
1-1: Called Strike
1-2: Fielders Choice at 2nd, 5-4 (Groundball, 56, EV 101.9 MPH)
Top of the 2nd over - 1 run, 2 hits, 0 errors, 2 left on base; Randwick 1 - Blacktown 0
BOTTOM OF THE 2ND
Blacktown Pumas batting - Pitching for Randwick Green Sox : RHP David Forrest
Batting: RHB Mick Beard 0-0: Called Strike
0-1: Ball
1-1: Swinging Strike
1-2: Strikes out looking
Batting: RHB Mark Mortimer 0-0: Called Strike
0-1: Swinging Strike
0-2: DOUBLE (Line Drive, 78D, EV 104.4 MPH)
Batting: RHB Cam Lett 0-0: Foul Ball, location: 9LSF
0-1: Foul Ball, location: 7LDF
0-2: Ball
1-2: Ball
2-2: Strikes out looking
Batting: LHB Elvin Nottage 0-0: Swinging Strike
0-1: Foul Ball, location: 2F
0-2: Ground out 4-3 (Groundball, 4, EV 83.8 MPH)
Bottom of the 2nd over - 0 runs, 1 hit, 0 errors, 1 left on base; Randwick 1 - Blacktown 0
TOP OF THE 3RD
Randwick Green Sox batting - Pitching for Blacktown Pumas : RHP Chris Israel
Batting: LHB Rodger Curnow 0-0: Foul Ball, location: 5SF
0-1: DOUBLE (Flyball, 78D, EV 107.5 MPH)
Batting: RHB Art Alderson 0-0: Called Strike
0-1: DOUBLE (Flyball, 89D, EV 102.5 MPH)
Rodger Curnow scores
Batting: RHB Tony Green 0-0: Foul Ball, location: 5F
0-1: Ball
1-1: Swinging Strike
1-2: Strikes out looking
Batting: RHB Bob Ghey 0-0: Ball
Wild Pitch!
Art Alderson to third
1-0: Ball
2-0: SINGLE (Groundball, 6MD, EV 104.4 MPH)
Art Alderson scores
Batting: RHB Derik Fahey 0-0: Called Strike
Bob Ghey is caught stealing 2nd base 2-4
0-1: Fly out, F8 (Flyball, 8RM, EV 88.8 MPH)
Top of the 3rd over - 2 runs, 3 hits, 0 errors, 0 left on base; Randwick 3 - Blacktown 0
BOTTOM OF THE 3RD
Blacktown Pumas batting - Pitching for Randwick Green Sox : RHP David Forrest
Batting: RHB Kyler Parkins 0-0: Ball
1-0: Ball
2-0: Ball
3-0: Foul Ball, location: 9LSF
3-1: Base on Balls
Batting: LHB Mal Sellick 0-0: Ball
1-0: Ball
2-0: Fly out, F6 (Popup, 6MS, EV 77.5 MPH)
Batting: RHB Freddy Sherman 0-0: Ball
1-0: Ball
Kyler Parkins is caught stealing 2nd base 2-4
2-0: Called Strike
2-1: Foul Ball, location: 5FF
2-2: Ball
3-2: Foul Ball, location: 2F
3-2: Base on Balls
Batting: LHB Sinbad Rabjohns 0-0: Ball
Freddy Sherman is caught stealing 2nd base 2-6
Bottom of the 3rd over - 0 runs, 0 hits, 0 errors, 0 left on base; Randwick 3 - Blacktown 0
TOP OF THE 4TH
Randwick Green Sox batting - Pitching for Blacktown Pumas : RHP Chris Israel
Batting: LHB Tony Tassell 0-0: Called Strike
0-1: Ball
1-1: Ball
2-1: Foul Ball, location: 9LMF
2-2: Strikes out swinging
Batting: RHB Pete Sherrell 0-0: Called Strike
0-1: Called Strike
0-2: Foul Ball, location: 25FF
0-2: Ball
1-2: Foul Ball, location: 2F
1-2: Fly out, F9 (Flyball, 9D, EV 105.6 MPH)
Batting: LHB Colin Firman 0-0: Ball
1-0: Ball
2-0: Ball
3-0: Base on Balls
Batting: RHB Keefe Lucking 0-0: Ball
1-0: Fly out, F9 (Flyball, 89S, EV 96.9 MPH)
Top of the 4th over - 0 runs, 0 hits, 0 errors, 1 left on base; Randwick 3 - Blacktown 0
BOTTOM OF THE 4TH
Blacktown Pumas batting - Pitching for Randwick Green Sox : RHP David Forrest
Batting: LHB Sinbad Rabjohns 0-0: Ball
1-0: Swinging Strike
1-1: Called Strike
1-2: Strikes out looking
Batting: RHB Davey Anderton 0-0: Called Strike
0-1: Fly out, F7 (Flyball, 78M, EV 95.6 MPH)
Batting: RHB Mick Beard 0-0: Called Strike
0-1: Swinging Strike
0-2: Ball
1-2: Fly out, F9 (Flyball, 89S, EV 96.3 MPH)
Bottom of the 4th over - 0 runs, 0 hits, 0 errors, 0 left on base; Randwick 3 - Blacktown 0
TOP OF THE 5TH
Randwick Green Sox batting - Pitching for Blacktown Pumas : RHP Chris Israel
Batting: LHB Rodger Curnow 0-0: Ground out 6-3 (Groundball, 6M, EV 83.1 MPH)
Batting: RHB Art Alderson 0-0: Ground out 6-3 (Groundball, 6S, EV 65.6 MPH)
Batting: RHB Tony Green 0-0: Ball
1-0: Foul Ball, location: 2LF
1-1: Swinging Strike
1-2: Foul Ball, location: 23F
1-2: Ground out 6-3 (Groundball, 6, EV 104.4 MPH)
Top of the 5th over - 0 runs, 0 hits, 0 errors, 0 left on base; Randwick 3 - Blacktown 0
BOTTOM OF THE 5TH
Blacktown Pumas batting - Pitching for Randwick Green Sox : RHP David Forrest
Batting: RHB Mark Mortimer 0-0: Called Strike
0-1: Ball
1-1: Ball
2-1: Fly out, F8 (Flyball, 8RD, EV 82.5 MPH)
Batting: RHB Cam Lett 0-0: Ball
1-0: Called Strike
1-1: Ball
2-1: Ball
3-1: Base on Balls
Batting: LHB Elvin Nottage 0-0: Ball
1-0: Ball
2-0: Ball
3-0: Called Strike
3-1: Base on Balls
Cam Lett to second
Batting: RHB Kyler Parkins 0-0: Foul Ball, location: 7LMF
0-1: Ball
1-1: Swinging Strike
1-2: Foul Ball, location: 2F
1-2: Foul Ball, location: 9LMF
1-2: Ball
2-2: Fly out, F9 (Flyball, 9D, EV 91.3 MPH)
Batting: LHB Mal Sellick 0-0: Foul Ball, location: 7LDF
0-1: Foul Ball, location: 3F
0-2: Foul Ball, location: 2F
0-2: Ball
Wild Pitch!
Cam Lett to third
Elvin Nottage to second
1-2: Strikes out swinging
Bottom of the 5th over - 0 runs, 0 hits, 0 errors, 2 left on base; Randwick 3 - Blacktown 0
TOP OF THE 6TH
Randwick Green Sox batting - Pitching for Blacktown Pumas : RHP Chris Israel
Batting: RHB Bob Ghey 0-0: Called Strike
0-1: Ground out 4-3 (Groundball, 4M, EV 79.4 MPH)
Batting: RHB Derik Fahey 0-0: Ball
1-0: Called Strike
1-1: Foul Ball, location: 9LSF
1-2: Ball
2-2: Foul Ball, location: 2RF
2-2: Ball
3-2: Ground out 4-3 (Groundball, 4MD, EV 105.6 MPH)
Batting: LHB Tony Tassell 0-0: Ground out U3 (Groundball, 3, EV 87.5 MPH)
Top of the 6th over - 0 runs, 0 hits, 0 errors, 0 left on base; Randwick 3 - Blacktown 0
BOTTOM OF THE 6TH
Blacktown Pumas batting - Pitching for Randwick Green Sox : RHP David Forrest
Batting: RHB Freddy Sherman 0-0: Ball
1-0: Ball
2-0: Swinging Strike
2-1: Ball
3-1: DOUBLE (Flyball, 78XD, EV 101.3 MPH)
Batting: LHB Sinbad Rabjohns 0-0: Ball
1-0: Foul Ball, location: 2F
1-1: Ball
2-1: Foul Ball, location: 2F
2-2: Strikes out looking
Batting: RHB Davey Anderton 0-0: Fly out, F9 (Flyball, 89S, EV 88.8 MPH)
Batting: RHB Mick Beard 0-0: Called Strike
0-1: Ball
1-1: Ball
2-1: Fly out, F8 (Flyball, 78D, EV 111.9 MPH)
Bottom of the 6th over - 0 runs, 1 hit, 0 errors, 1 left on base; Randwick 3 - Blacktown 0
TOP OF THE 7TH
Randwick Green Sox batting - Pitching for Blacktown Pumas : RHP Chris Israel
Batting: RHB Pete Sherrell 0-0: Ball
1-0: Ball
2-0: Called Strike
2-1: Foul Ball, location: 5F
2-2: SINGLE (Line Drive, 34D, EV 100.6 MPH)
Batting: LHB Colin Firman 0-0: Ball
1-0: Ball
2-0: Ball
3-0: Base on Balls
Pete Sherrell to second
Batting: RHB Keefe Lucking 0-0: Ball
1-0: Bunt missed!
1-1: Foul Ball, location: 2F
1-2: Ball
2-2: Ball
3-2: Fly out, F8 (Flyball, 8RM, EV 92.5 MPH)
Pitching: RHP Ronnie Laing
Batting: LHB Rodger Curnow 0-0: Ball
1-0: Ball
Wild Pitch!
Pete Sherrell to third
Colin Firman to second
2-0: Ball
3-0: Called Strike
3-1: Base on Balls
Batting: RHB Art Alderson 0-0: Ball
1-0: Foul Ball, location: 7LDF
1-1: Called Strike
1-2: Foul Ball, location: 5FF
1-2: Ball
2-2: Foul Ball, location: 2F
2-2: Ball
3-2: Base on Balls
Pete Sherrell scores
Colin Firman to third
Rodger Curnow to second
Batting: RHB Tony Green 0-0: Called Strike
0-1: Fly out, F2 (Popup, 5SF, EV 86.9 MPH)
Batting: RHB Bob Ghey 0-0: Called Strike
0-1: Swinging Strike
0-2: Ball
1-2: Strikes out swinging
Top of the 7th over - 1 run, 1 hit, 0 errors, 3 left on base; Randwick 4 - Blacktown 0
BOTTOM OF THE 7TH
Blacktown Pumas batting - Pitching for Randwick Green Sox : RHP David Forrest
Pitching: RHP Luke Gault
Batting: RHB Mark Mortimer 0-0: Ball
1-0: Ball
2-0: Ball
3-0: Base on Balls
Batting: RHB Cam Lett 0-0: Foul Ball, location: 3FF
0-1: Ball
1-1: Ball
2-1: Ball
3-1: Foul Ball, location: 2F
3-2: Base on Balls
Mark Mortimer to second
Batting: LHB Elvin Nottage 0-0: Foul Ball, location: 2F
0-1: Hit by Pitch
Mark Mortimer to third
Cam Lett to second
Batting: RHB Kyler Parkins 0-0: SINGLE (Line Drive, 78S, EV 91.3 MPH)
Mark Mortimer scores
Cam Lett to third
Elvin Nottage to second
Batting: LHB Mal Sellick 0-0: Ball
1-0: Called Strike
1-1: Called Strike
1-2: Ball
2-2: Ball
3-2: Base on Balls
Cam Lett scores
Elvin Nottage to third
Kyler Parkins to second
Batting: RHB Freddy Sherman 0-0: Called Strike
0-1: Hit by Pitch
Elvin Nottage scores
Kyler Parkins to third
Mal Sellick to second
Batting: LHB Sinbad Rabjohns 0-0: Ball
1-0: Fly out, F8 (Flyball, 8LM, EV 99.4 MPH)
Runner from 3rd tags up, OUT at HOME! 8-2
Mal Sellick to third
Freddy Sherman to second
Pitching: RHP Keith Gwilt
Batting: RHB Davey Anderton 0-0: Ball
1-0: Ball
2-0: Foul Ball, location: 5F
2-1: Ball
3-1: Base on Balls
Pinch Hitting: LHB Jason Ingate 0-0: Called Strike
0-1: Ball
1-1: Foul Ball, location: 23F
1-2: Strikes out looking
Bottom of the 7th over - 3 runs, 1 hit, 0 errors, 3 left on base; Randwick 4 - Blacktown 3
TOP OF THE 8TH
Randwick Green Sox batting - Pitching for Blacktown Pumas : RHP Ronnie Laing
Now at SS: Cheyse Cleaver
Batting: RHB Derik Fahey 0-0: Called Strike
0-1: SINGLE (Line Drive, 34D, EV 96.9 MPH)
Batting: LHB Tony Tassell 0-0: Fly out, F7 (Flyball, 7, EV 90.0 MPH)
Pinch Hitting: LHB Bob Gurney 0-0: Ball
1-0: Ball
2-0: Called Strike
2-1: Foul Ball, location: 25F
2-2: Foul Ball, location: 5FF
2-2: Foul Ball, location: 9LMF
2-2: Ball
3-2: Base on Balls
Derik Fahey to second
Batting: LHB Colin Firman 0-0: Ball
1-0: Ball
2-0: Called Strike
2-1: Ball
3-1: Grounds into double play, 4-6-3 (Groundball, 4, EV 103.1 MPH)
Top of the 8th over - 0 runs, 1 hit, 0 errors, 1 left on base; Randwick 4 - Blacktown 3
BOTTOM OF THE 8TH
Blacktown Pumas batting - Pitching for Randwick Green Sox : RHP Keith Gwilt
Now in RF: Daly Challen
Batting: RHB Mark Mortimer 0-0: Called Strike
0-1: SINGLE (Flyball, 78S, EV 91.3 MPH)
Batting: RHB Cam Lett 0-0: Foul Ball, location: 2F
0-1: SINGLE (Groundball, 4MD, EV 100.0 MPH)
Mark Mortimer to second
Batting: LHB Elvin Nottage 0-0: Ball
1-0: Fly out, F9 (Line Drive, 9, EV 98.1 MPH)
Batting: RHB Kyler Parkins 0-0: Ball
1-0: Fly out, F6 (Popup, 6M, EV 53.1 MPH)
Batting: LHB Mal Sellick 0-0: Ball
1-0: Called Strike
1-1: Ground out 4-3 (Groundball, 4, EV 78.8 MPH)
Bottom of the 8th over - 0 runs, 2 hits, 0 errors, 2 left on base; Randwick 4 - Blacktown 3
TOP OF THE 9TH
Randwick Green Sox batting - Pitching for Blacktown Pumas : RHP Ronnie Laing
Batting: RHB Keefe Lucking 0-0: Fly out, F9 (Flyball, 9D, EV 96.3 MPH)
Batting: LHB Rodger Curnow 0-0: Ball
1-0: Called Strike
1-1: Ball
2-1: Ball
3-1: Fly out, F7 (Line Drive, 7LS, EV 88.8 MPH)
Batting: RHB Art Alderson 0-0: Ball
1-0: Foul Ball, location: 9LMF
1-1: Ball
2-1: Foul Ball, location: 2F
2-2: SINGLE (Groundball, 4MD, EV 95.6 MPH)
Pitching: LHP Devin Apela
Batting: RHB Tony Green 0-0: Ball
1-0: Fly out, F9 (Flyball, 9, EV 83.8 MPH)
Top of the 9th over - 0 runs, 1 hit, 0 errors, 1 left on base; Randwick 4 - Blacktown 3
BOTTOM OF THE 9TH
Blacktown Pumas batting - Pitching for Randwick Green Sox : RHP Keith Gwilt
Pitching: LHP Laidley Dellow
Batting: RHB Freddy Sherman 0-0: SINGLE (Groundball, 13S, EV 67.5 MPH) (infield hit)
Pinch Hitting: RHB Travis Blakey 0-0: Ball
1-0: Swinging Strike
Balk!
Freddy Sherman to second
1-1: Ball
2-1: Foul Ball, location: 3FF
2-2: Foul Ball, location: 9LSF
2-2: Fly out, F7 (Line Drive, 7D, EV 88.1 MPH)
Runner from 2nd tags up, SAFE at 3rd, no throw by LF
Batting: RHB Davey Anderton 0-0: Fly out, F9 (Flyball, 89S, EV 90.6 MPH)
Pinch Hitting: RHB Ken Nelson 0-0: Ball
1-0: Called Strike
1-1: Ground out 6-3 (Groundball, 6, EV 92.5 MPH)
Bottom of the 9th over - 0 runs, 1 hit, 0 errors, 1 left on base; Randwick 4 - Blacktown 3
Saturday, May 4th , 2024 - OOTP Baseball 24.9 Build 80